 Dungeon Crawl Stone Soup version 0.28.0-1-gb440e238dd (webtiles) character file.

Game seed: 16596820117425378124

1259 zeram the Cleaver (level 8, -5/70 HPs)
             Began as a Hill Orc Fighter on Feb 21, 2022.
             Was an Initiate of Yredelemnul.
             Slain by a two-headed ogre (9 damage)
             ... on level 6 of the Dungeon.
             The game lasted 00:07:46 (6108 turns).

zeram the Cleaver (Hill Orc Fighter)                Turns: 6108, Time: 00:07:47

Health: -5/70      AC:  9    Str: 21    XL:     8   Next: 51%
Magic:  8/8        EV:  9    Int:  8    God:    Yredelemnul [......]
Gold:   187        SH:  5    Dex: 10    Spells: 7/7 levels left

rFire   . . .      SeeInvis .   a - +1 war axe
rCold   . . .      Faith    .   c - +1 buckler
rNeg    + . .      Spirit   .   b - +0 scale mail
rPois   .          Reflect  .   n - +0 helmet
rElec   .          Harm     .   (no cloak)
rCorr   .          Rampage  .   (no gloves)
Will    .....                   (no boots)
Stlth   ..........              (no amulet)
HPRegen 0.21/turn               i - ring of positive energy
MPRegen 0.11/turn               (no ring)

@: no status effects
A: no striking features
a: Renounce Religion, Recall Undead Harvest


You were on level 6 of the Dungeon.
You worshipped Yredelemnul.
Yredelemnul was noncommittal.
You visited 2 branches of the dungeon, and saw 7 of its levels.

You collected 187 gold pieces.

Inventory:

Hand Weapons
 a - a +1 war axe (weapon)
Armour
 b - a +0 scale mail (worn)
 c - a +1 buckler (worn)
 n - a +0 helmet (worn)
Jewellery
 d - a +6 ring of strength
 i - a ring of positive energy (left hand)
Wands
 j - a wand of digging (7)
Scrolls
 g - 2 scrolls of teleportation
 k - 3 scrolls of enchant weapon
Potions
 e - a potion of lignification {unknown}
 h - 4 potions of mutation {unknown}
 l - a potion of brilliance {unknown}
 m - 2 potions of attraction {unknown}
 o - 2 potions of berserk rage {unknown}


   Skills:
 + Level 6.2 Fighting
 + Level 9.1 Axes
 + Level 6.4 Armour
 + Level 1.3 Dodging
 + Level 4.4 Shields


You had 7 spell levels left.
You didn't know any spells.
Your spell library contained the following spells:

 Spells                   Type           Power      Damage    Failure   Level
 Sandblast                Erth           0%         2d4       80%         1
 Summon Small Mammal      Summ           0%         N/A       80%         1
 Passwall                 Tmut/Erth      0%         N/A       91%         2
 Call Canine Familiar     Summ           0%         N/A       99%         3
 Stone Arrow              Conj/Erth      0%         3d7       99%         3
 Summon Guardian Golem    Hex/Summ       0%         N/A       99%         3


Dungeon Overview and Level Annotations

Branches:
Dungeon (6/15)             Temple (1/1) D:4

Altars:
Ashenzari
Cheibriados
Dithmenos
Fedhas
Hepliaklqana
Kikubaaqudgha
Makhleb
Nemelex Xobeh
Okawaru
Qazlal
Ru
Trog
Uskayaw
Vehumet
Wu Jian
Xom
Yredelemnul
Zin

Shops:
D:2 *   D:4 (


Message History

The electric eel shoots out a bolt of lightning at you!
The bolt of electricity hits the plant!
The plant begins to die.
The bolt of electricity misses you. What are your orders? t - Shout!
Orders for allies: a - Attack new target. r - Retreat! s - Stop attacking. g - Guard the area. f - Follow me.
Anything else - Cancel.
Okay, then.
Unknown command.
You see here a +2 short sword of venom.
Okay, then.
Okay, then.
You barely miss the two-headed ogre.
The two-headed ogre hits you with a +0 giant club. x2
Your orc zombie barely misses the two-headed ogre.
You hit the two-headed ogre but do no damage.
The two-headed ogre hits you with a +0 giant club!
The two-headed ogre barely misses you.
You slash the two-headed ogre!
The two-headed ogre is moderately wounded.
Your orc zombie hits the two-headed ogre but does no damage.
You slash the two-headed ogre!
The two-headed ogre is heavily wounded.
The two-headed ogre hits you with a +0 giant club.
The two-headed ogre hits you with a +0 giant club!
* * * LOW HITPOINT WARNING * * *
Your orc zombie closely misses the two-headed ogre.
You slash the two-headed ogre!
The two-headed ogre is severely wounded.
The two-headed ogre closely misses you.
The two-headed ogre hits you with a +0 giant club!
* * * LOW HITPOINT WARNING * * *
Your orc zombie hits the two-headed ogre but does no damage.
You hit the two-headed ogre.
The two-headed ogre is severely wounded.
The two-headed ogre hits you with a +0 giant club!
You die...
Your body rises from the dead as a mindless zombie.

#....# ♣ ♣.♣.♣P♣
#.<##♣♣♣♣ .♣.♣.♣...
#..#♣P.)♣♣♣........
##....♣.)♣...P....♣
#.♣♣♣♣.♣..)....♣♣.
#.♣♣.P♣.)))....≈P≈
#.#♣.........P.♣≈≈
#.#♣.Z.........S.≈
..♣♣.@O.......P...
#.♣♣....♣$.......P
#.#♣.♣..♣.........
....♣♣♣....♣....
♣♣.♣ ♣♣♣♣...♣.. ♣♣
♣♣♣


You could see a two-headed ogre (ally target) and a friendly orc zombie.

Vanquished Creatures
  A water moccasin (D:5)
  A necrophage (D:4)
  2 ogres (D:4)
  A phantom (D:6)
  A scorpion (D:5)
  A wyvern skeleton (D:5)
  2 bullfrog zombies (D:5)
  A centaur skeleton (D:5)
  A hound (D:5)
  An orc priest (D:6)
  A jelly (D:6)
  A gnoll shaman (D:5)
  A bullfrog skeleton (D:5)
  An iguana (D:5)
  An orc wizard (D:3)
  A hound skeleton (D:4)
  7 gnolls
  A howler monkey skeleton (D:4)
  4 adders
  An ufetubus (D:4)
  2 worms
  3 dart slugs
  20 orcs
  5 ball pythons
  4 bats
  4 endoplasms
  A giant cockroach (D:4)
  6 hobgoblins
  10 jackals
  9 kobolds
  2 quokkas
  4 frilled lizards (D:1)
  13 goblins
  3 rats
117 creatures vanquished.

Vanquished Creatures (collateral kills)
  An ogre (D:5)
  A water moccasin skeleton (D:5)
  A hound (D:5)
3 creatures vanquished.

Vanquished Creatures (others)
  A hound zombie (D:5)
  A spectral jelly (D:6)
  An adder zombie (D:5)
  A hobgoblin zombie (D:4)
  7 orc zombies
  25 plants
36 creatures vanquished.

Grand Total: 156 creatures vanquished

Notes
Turn   | Place    | Note
-------+----------+-------------------------------------------
     0 | D:1      | zeram the Hill Orc Fighter began the quest for the Orb.
     0 | D:1      | Reached XP level 1. HP: 19/19 MP: 1/1
   107 | D:1      | Reached XP level 2. HP: 21/27 MP: 2/2
   325 | D:1      | Reached skill level 3 in Axes
   679 | D:1      | Reached XP level 3. HP: 30/33 MP: 3/3
   842 | D:2      | Found Kytated's General Store.
   887 | D:2      | Found a faded altar of an unknown god.
  1072 | D:2      | Reached skill level 4 in Axes
  1093 | D:2      | Reached XP level 4. HP: 39/40 MP: 4/4
  1233 | D:2      | Found a burning altar of Makhleb.
  1299 | D:3      | Found a sacrificial altar of Ru.
  2274 | D:4      | Reached XP level 5. HP: 46/47 MP: 5/5
  2328 | D:4      | Found a staircase to the Ecumenical Temple.
  2336 | D:4      | Reached skill level 5 in Axes
  2389 | D:4      | Noticed a necrophage
  2404 | D:4      | Killed a necrophage
  2405 | D:4      | Reached XP level 6. HP: 34/55 MP: 6/6
  2409 | Temple   | Entered the Ecumenical Temple
  2756 | Temple   | Became a worshipper of Yredelemnul the Dark
  2805 | D:4      | Found Ceipal's Weapon Boutique.
  2917 | D:4      | Reached skill level 5 in Fighting
  3010 | D:4      | Reached * piety under Yredelemnul
  3284 | D:4      | HP: 1/56 [ogre (26)]
  3286 | D:4      | Reached skill level 6 in Axes
  3689 | D:4      | Found a sparkling altar of Nemelex Xobeh.
  3694 | D:4      | Reached ** piety under Yredelemnul
  3757 | D:4      | Reached XP level 7. HP: 51/61 MP: 7/7
  3833 | D:4      | Reached skill level 5 in Armour
  3880 | D:5      | Entered Level 5 of the Dungeon
  4154 | D:5      | Reached skill level 7 in Axes
  4402 | D:5      | Reached skill level 1 in Dodging
  4812 | D:5      | Reached XP level 8. HP: 68/70 MP: 8/8
  4858 | D:5      | Found a stormy altar of Qazlal.
  4859 | D:5      | Found a snail-covered altar of Cheibriados.
  4905 | D:5      | Reached skill level 8 in Axes
  5479 | D:5      | Reached *** piety under Yredelemnul
  5961 | D:6      | Reached skill level 9 in Axes
  6094 | D:6      | Noticed a two-headed ogre
  6108 | D:6      | Slain by a two-headed ogre

Illustrated notes

Levels and vault maps discovered:
D:1:      giann_bridges, layout_loops_ring
D:2:      layout_rooms, hellmonk_ecumenical_altar_dog_temple, basic_altar,
          serial_shops, shop
D:3:      layout_basic, mainiacjoe_overflow_boulevard
D:4:      layout_basic, nemelex_dance_club_becter, temple_pool_b, serial_shops,
          nicolae_take_the_stairs, guppyfry_early_lair_pool
D:5:      layout_layer_cave, amethyst_overflow_temple_binary
D:6:      wad_woods_pond, layout_basic,
          nicolae_gozag_cash_rules_everything_around_me
Temple:   eino_temple_water

Skill      XL: |  1  2  3  4  5  6  7  8 |
---------------+-------------------------+-----
Axes           | 3 4 5 6 7 9 |  9.1
Fighting       | 4 5 6 |  6.2
Armour         | 4 5 6 |  6.4
Shields        | 4 |  4.4
Dodging        | 1 |  1.3

Action                   |  1- 3 |  4- 6 |  7- 9 || total
-------------------------+-------+-------+-------++-------
Melee: War axe           |    92 |   119 |   112 ||   323
Invok: Recall Undead Har |       |       |     1 ||     1
  Use: Scroll            |     4 |     2 |       ||     6
       Potion            |       |     1 |     3 ||     4
Armor: Scale mail        |    49 |    41 |    31 ||   121
Dodge: Dodged            |    50 |    44 |    48 ||   142
Block: Buckler           |    15 |    30 |    29 ||    74
